 Dungeon Crawl Stone Soup version 0.27.1 (webtiles) character file.

Game seed: 15429081712120476245

35475 ABBCCCDDDD the Cleaver (level 13, -6/137 HPs)
             Began as an Ogre Fighter on Aug 25, 2021.
             Was an Elder of Okawaru.
             Mangled by Dmuffinman's ghost (26 damage)
             ... on level 1 of the Orcish Mines.
             The game lasted 00:49:56 (31043 turns).

ABBCCCDDDD the Cleaver (Ogre Fighter)              Turns: 31043, Time: 00:49:57

Health: -6/137     AC: 12    Str: 24    XL:     13   Next: 84%
Magic:  19/19      EV: 14    Int: 12    God:    Okawaru [****..]
Gold:   775        SH: 18    Dex: 12    Spells: 12/12 levels left

rFire    + . .     SeeInvis .   h - +0 war axe (drain)
rCold    . . .     Faith    .   c - +0 kite shield
rNeg     . . .     Spirit   .   G - +0 acid dragon scales
rPois    .         Reflect  +   t - +2 hat of Okawaru's Delight {Dex+4}
rElec    .         Harm     .   A - +0 cloak
rCorr    +         Rampage  .   (gloves unavailable)
Will     ++...                  (boots unavailable)
Stlth    +++.......             i - amulet of reflection
HPRegen  0.32/turn              v - ring of protection from fire
MPRegen  0.16/turn              w - ring of willpower

@: heroic
A: large, unfitting armour, tough skin 1
a: Renounce Religion, Heroism


You were on level 1 of the Orcish Mines.
You worshipped Okawaru.
Okawaru was greatly pleased with you.
You visited 3 branches of the dungeon, and saw 16 of its levels.

You collected 1625 gold pieces.
You spent 850 gold pieces at shops.

Inventory:

Hand Weapons
 h - a +0 war axe of draining (weapon)
 y - a +0 antimagic hand axe
 L - a +0 broad axe
Missiles
 a - 6 curare-tipped darts
 e - 4 throwing nets
 f - 280 stones (quivered)
 l - 61 boomerangs
 m - 7 large rocks
 s - 17 javelins
 E - 5 poisoned darts
Armour
 c - a +0 kite shield (worn)
 q - a +2 robe of resistance
 t - the +2 hat of Okawaru's Delight (worn) {Dex+4}
   (Okawaru gifted it to you on level 2 of the Orcish Mines)

   Dex:       It affects your dexterity (+4).
 A - a +0 cloak (worn)
 D - the +3 robe of Broken Taboos {Fly Stlth+}
   (Okawaru gifted it to you on level 11 of the Dungeon)

   Fly:       It grants you flight.
   Stlth:     It makes you more stealthy.
 G - +0 acid dragon scales (worn)
Jewellery
 i - an amulet of reflection (around neck)
 v - a ring of protection from fire (left hand)
 w - a ring of willpower (right hand)
 z - a ring of flight
 C - a ring of ice
 N - a ring of poison resistance
Wands
 b - a wand of flame (10)
 H - a wand of charming (7)
 M - a wand of iceblast (8)
Scrolls
 g - 3 scrolls of enchant armour
 j - 2 scrolls of teleportation
 k - a scroll of vulnerability
 r - a scroll of fear
 u - 4 scrolls of enchant weapon
 x - 4 scrolls of blinking
 B - 2 scrolls of magic mapping
 F - a scroll of torment
 I - a scroll of immolation
 K - a scroll of amnesia {unknown}
Potions
 d - 4 potions of might
 n - 5 potions of curing
 o - 3 potions of brilliance
 p - a potion of attraction
 J - a potion of magic


   Skills:
 + Level 11.3(16.3) Fighting
 - Level 13.6(18.6) Axes
 + Level 4.2(9.2) Throwing
 + Level 2.7(7.7) Armour
 + Level 8.6(13.6) Dodging
 + Level 3.5(8.5) Stealth
 - Level 9.0(14.0) Shields
 + Level 8.6 Invocations
 + Level 3.3 Evocations


You had 12 spell levels left.
You didn't know any spells.
Your spell library contained the following spells:

 Spells                   Type           Power      Damage    Failure   Level
 Pain                     Necr           0%         1d4       36%         1
 Ignite Poison            Fire/Tmut/Pois 0%         N/A       75%         3
 Mephitic Cloud           Conj/Pois/Air  0%         N/A       75%         3
 Animate Dead             Necr           0%         N/A       98%         4
 Hailstorm                Conj/Ice       0%         3d3       98%         4
 Ice Form                 Ice/Tmut       0%         N/A       98%         4
 Agony                    Necr           0%         N/A       100%        5
 Bolt of Magma            Conj/Fire/Erth 0%         4d4       100%        5
 Borgnjor's Vile Clutch   Necr/Erth      0%         N/A       100%        5
 Excruciating Wounds      Necr           0%         N/A       100%        5
 Death Channel            Necr           0%         N/A       100%        6
 Simulacrum               Ice/Necr       0%         N/A       100%        6
 Chain Lightning          Conj/Air       0%         N/A       100%        9
 Fire Storm               Conj/Fire      0%         5d1       100%        9


Dungeon Overview and Level Annotations

Branches:
Dungeon (13/15)            Temple (1/1) D:6             Orc (2/2) D:12
    Elf (0/3) Orc:2
   Lair: D:8-11      Vaults: D:13-14

Altars:
Ashenzari
Cheibriados
Dithmenos
Elyvilon
Fedhas
Gozag
Hepliaklqana
Kikubaaqudgha
Makhleb
Nemelex Xobeh
Okawaru
Qazlal
Ru
Sif Muna
Trog
Uskayaw
Vehumet
Wu Jian
Xom
Yredelemnul
Zin
The Shining One
Beogh

Shops:
D:5 :   Orc:2 =([[(

Annotations:
D:3 Sigmund
D:11 exclusion: 2 oklob plants, Urug
Orc:1 Dmuffinman's ghost, journeyman MiBe


Innate Abilities, Weirdness & Mutations

You are too large for most types of armour.
You have tough skin. (AC +1)


Message History

a +0 robe; a +0 dagger You hit Dmuffinman's ghost but do no damage.
Dmuffinman's ghost is heavily damaged.
You hit the orc warrior. You block the orc warrior's attack.
Dmuffinman's ghost hits you.
You hit Dmuffinman's ghost but do no damage.
Dmuffinman's ghost is heavily damaged.
You hit the orc warrior but do no damage.
You drain the orc warrior. You slash Dmuffinman's ghost!
Dmuffinman's ghost is severely damaged.
You hit the orc warrior but do no damage.
The orc warrior barely misses you. You block Dmuffinman's ghost's attack.
You slash Dmuffinman's ghost!
Dmuffinman's ghost is almost destroyed.
You barely miss the orc warrior. You block the orc warrior's attack.
You block Dmuffinman's ghost's attack.
You closely miss Dmuffinman's ghost.
Dmuffinman's ghost is almost destroyed.
You closely miss the orc warrior. You block the orc warrior's attack.
You hit Dmuffinman's ghost but do no damage.
Dmuffinman's ghost is almost destroyed.
You hit the orc warrior but do no damage.
You drain the orc warrior. Dmuffinman's ghost hits you!!
You are too injured to fight recklessly!
You are too injured to fight recklessly!
You are too injured to fight recklessly!
You are too injured to fight recklessly!
You slash the orc warrior!
The orc warrior is almost dead.
You closely miss Dmuffinman's ghost. You block the orc warrior's attack.
Dmuffinman's ghost hits you!!
* * * LOW HITPOINT WARNING * * *
x2 You closely miss the orc warrior.
The orc warrior is almost dead.
You miss Dmuffinman's ghost.
The orc warrior hits you with a +0 glaive!
* * * LOW HITPOINT WARNING * * *
You block the orc warrior's attack. Dmuffinman's ghost hits you!!
You die...

##...#.....##.........# ##.##
##...................## ##...#
###.......#.........#.###.#..##
##.##..#................#......#
#......................###.##.##
##.##..................###.##.#.
######....#............#.......
##.....#..o......)..##...#...
#.........)W@....[[....)#....
##..##.#.[>)........)..).....
#...###..))....#......))##...
##.#.##...............))#....
#..............#.........#...
##...#.........[.....#.......
#.................[.....##..
##.................))....#..
#...............).)....#...


You could see an orc warrior (drained) and Dmuffinman's ghost.

Levels and vault maps discovered:
D:1:      dpeg_arrival_water_fire, layout_basic,
          shapermc_ecumenical_altar_flowoftime, hangedman_decor_slide_cut,
          corexii_leaking_fountain, minmay_tromino_i2
D:2:      layout_basic
D:3:      layout_rooms, grunt_temple_overflow_champion_of_chaos,
          mainiacjoe_overflow_24_doors, portal_sewer_entry_e, uniq_jessica,
          uniq_sigmund
D:4:      layout_rooms, hangedman_abyss_or_decor_lesser_grid, uniq_robin
D:5:      layout_cave_pools, minitemple, serial_shops, shop
D:6:      layout_basic, nicolae_elyvilon_peaceful_grove,
          minmay_temple_entry_offerings, uniq_blork_the_orc
D:7:      layout_rooms
D:8:      layout_cave_pools, serial_undead, serial_undead_d, serial_undead_b,
          serial_undead_a, serial_undead_a, uniq_pikel
D:9:      layout_basic
D:10:     layout_rooms, minmay_parallelograms, uniq_grum
D:11:     fort_yaktaur, layout_basic, dpeg_oklobed_lair,
          hangedman_decor_peaks_small, uniq_fannar, uniq_urug
D:12:     layout_basic, kennysheep_orc_monster_closet_entryway,
          hangedman_decor_opposing
D:13:     layout_roguey, minmay_misc_feat_encased, xom_confusion_cloud
Temple:   jpeg_temple_island
Orc:1:    layout_caves, gammafunk_ghost_split
Orc:2:    st_orc_town, layout_caves, serial_shops, shop, uniq_maurice

Notes
Turn   | Place    | Note
-------+----------+-------------------------------------------
     0 | D:1      | ABBCCCDDDD the Ogre Fighter began the quest for the Orb.
     0 | D:1      | Reached XP level 1. HP: 24/24 MP: 1/1
   277 | D:1      | Reached XP level 2. HP: 20/32 MP: 2/2
   784 | D:1      | Found a faded altar of an unknown god.
  1199 | D:1      | Reached XP level 3. HP: 26/40 MP: 3/3
  1996 | D:1      | Reached skill level 3 in Axes
  2345 | D:2      | Reached XP level 4. HP: 45/49 MP: 4/4
  3268 | D:3      | Noticed Jessica
  3299 | D:3      | Killed Jessica
  3626 | D:3      | Found a glowing golden altar of the Shining One.
  3630 | D:3      | Reached XP level 5. HP: 48/53 MP: 5/5
  3678 | D:3      | Reached skill level 5 in Fighting
  3881 | D:3      | Noticed Sigmund
  4066 | D:2      | Reached skill level 4 in Axes
  4158 | D:3      | Found a burning altar of Makhleb.
  4158 | D:3      | Found a shimmering altar of Xom.
  4190 | D:4      | Noticed Robin
  4531 | D:4      | Killed Robin
  4690 | D:4      | Reached XP level 6. HP: 56/66 MP: 6/6
  5119 | D:5      | Entered Level 5 of the Dungeon
  5124 | D:5      | Found Haumum's Book Shop.
  5152 | D:5      | Reached skill level 5 in Axes
  5154 | D:5      | Noticed a water moccasin
  5170 | D:5      | Killed a water moccasin
  5520 | D:5      | Reached XP level 7. HP: 61/72 MP: 7/7
  5554 | D:5      | Reached skill level 6 in Axes
  6255 | D:5      | Found an ancient bone altar of Kikubaaqudgha.
  6256 | D:5      | Found a sacrificial altar of Ru.
  6258 | D:5      | Found a sparkling altar of Nemelex Xobeh.
  6261 | D:5      | Found a bloodstained altar of Trog.
  6262 | D:5      | Found an iron altar of Okawaru.
  6262 | D:5      | Found a stormy altar of Qazlal.
  6263 | D:5      | Found a shadowy altar of Dithmenos.
  6264 | D:5      | Found a blossoming altar of Fedhas.
  6267 | D:5      | Found a basalt altar of Yredelemnul.
  6270 | D:5      | Became a worshipper of Warmaster Okawaru
  6512 | D:6      | Noticed Blork the orc
  6523 | D:6      | Killed Blork the orc
  6524 | D:6      | Reached skill level 7 in Axes
  6524 | D:6      | Reached skill level 5 in Shields
  6647 | D:6      | Reached XP level 8. HP: 60/80 MP: 8/8
  7146 | D:6      | Noticed a cyclops
  7454 | D:6      | Reached * piety under Okawaru
  7455 | D:6      | Reached skill level 8 in Axes
  7889 | D:6      | Found a staircase to the Ecumenical Temple.
  8090 | D:5      | Reached skill level 9 in Axes
  8358 | D:6      | Reached XP level 9. HP: 49/88 MP: 9/9
  8358 | D:6      | Reached ** piety under Okawaru
  8367 | D:6      | HP: 1/88 [orc priest/divine providence (10)]
  8750 | D:6      | Found a white marble altar of Elyvilon.
  8795 | Temple   | Entered the Ecumenical Temple
  9163 | D:7      | Reached skill level 1 in Invocations
 10098 | D:6      | Reached skill level 10 in Axes
 10833 | D:6      | Paralysed by an orc warrior for 5 turns
 10860 | D:6      | Paralysed by an orc warrior for 4 turns
 12402 | D:8      | Reached *** piety under Okawaru
 12403 | D:8      | Reached skill level 11 in Axes
 12403 | D:8      | Reached XP level 10. HP: 57/96 MP: 12/12
 12871 | D:8      | Noticed a two-headed ogre
 13270 | D:8      | Noticed Pikel
 13414 | D:7      | Killed Pikel
 13414 | D:7      | Reached **** piety under Okawaru
 15035 | D:9      | Reached skill level 12 in Axes
 15845 | D:10     | Entered Level 10 of the Dungeon
 15910 | D:10     | Reached XP level 11. HP: 79/107 MP: 13/13
 16093 | D:10     | Noticed a two-headed ogre
 16416 | D:10     | Noticed Grum
 16493 | D:10     | Killed Grum
 17060 | D:10     | Killed a two-headed ogre
 17126 | D:10     | You fall into a shaft and drop 2 floors!
 17126 | D:12     | Found a staircase to the Orcish Mines.
 17578 | D:11     | Noticed Fannar
 18018 | D:10     | Killed Fannar
 18018 | D:10     | Reached ***** piety under Okawaru
 18019 | D:10     | Reached skill level 5 in Dodging
 18129 | D:11     | Identified the +3 robe of Broken Taboos {Fly Stlth+}
                  | (Okawaru gifted it to you on level 11 of the Dungeon)
 18129 | D:11     | Received a gift from Okawaru
 18883 | D:11     | Noticed Urug
 18943 | D:11     | Noticed an oklob plant
 19163 | D:11     | Noticed an oklob plant
 19601 | D:11     | Noticed a death yak
 19625 | D:11     | Noticed a death yak
 19972 | D:11     | Noticed a death yak
 19974 | D:11     | Noticed a death yak
 20743 | D:11     | Reached skill level 10 in Fighting
 20800 | D:11     | Reached XP level 12. HP: 93/126 MP: 15/15
 20824 | D:11     | Noticed a minotaur
 21162 | D:11     | Reached skill level 5 in Invocations
 22022 | D:12     | Reached skill level 13 in Axes
 22063 | D:12     | Received a gift from Okawaru
 23039 | D:13     | Killed a centaur warrior
 23046 | D:13     | Killed a boulder beetle
 23047 | D:13     | Killed a centaur warrior
 23460 | D:13     | Noticed a five-headed hydra
 23499 | D:13     | Noticed a centaur warrior
 23504 | D:13     | Killed a centaur warrior
 23505 | D:13     | Reached skill level 1 in Throwing
 23603 | D:13     | Noticed a centaur warrior
 23614 | D:13     | Killed a centaur warrior
 23615 | D:13     | Reached skill level 1 in Stealth
 23615 | D:13     | Reached skill level 1 in Evocations
 23742 | D:13     | Noticed a tengu warrior
 23754 | D:13     | Noticed a two-headed ogre
 23763 | D:13     | Killed a two-headed ogre
 24022 | D:13     | Noticed a two-headed ogre
 24032 | D:13     | Killed a two-headed ogre
 24060 | D:13     | Noticed a boulder beetle
 24073 | D:13     | Reached XP level 13. HP: 63/135 MP: 18/18
 24828 | Orc:1    | Entered Level 1 of the Orcish Mines
 25011 | Orc:2    | Entered Level 2 of the Orcish Mines
 25457 | Orc:2    | Identified the +2 hat of Okawaru's Delight {Dex+4} (Okawaru
                  | gifted it to you on level 2 of the Orcish Mines)
 25457 | Orc:2    | Received a gift from Okawaru
 25508 | Orc:2    | Found a staircase to the Elven Halls.
 26318 | Orc:2    | Reached skill level 1 in Armour
 26382 | Orc:2    | Noticed Maurice
 26415 | Orc:2    | Killed Maurice
 26884 | Orc:2    | Found Xier's Antique Armour Emporium.
 29170 | Orc:2    | Found Odduvats's Antique Weapon Shoppe.
 29170 | Orc:2    | Found Viff's Antique Armour Shop.
 29453 | Orc:2    | Found Supog's Antique Weapon Shoppe.
 29453 | Orc:2    | Found Xysoniev's Jewellery Shop.
 29469 | Orc:2    | Bought an amulet of reflection for 510 gold pieces
 29469 | Orc:2    | Bought a ring of poison resistance for 340 gold pieces
 30017 | Orc:1    | Noticed Dmuffinman's ghost (journeyman MiBe)
 30024 | Orc:1    | Found a runed translucent gate.
 30024 | Orc:1    | Found a runed translucent gate.
 30024 | Orc:1    | Found a runed translucent gate.
 30025 | Orc:1    | Noticed an orc warlord
 30102 | Orc:1    | Noticed an ettin
 30109 | Orc:1    | Killed an ettin
 30323 | Orc:1    | Killed an orc warlord
 30323 | Orc:1    | Received a gift from Okawaru
 31043 | Orc:1    | Mangled by Dmuffinman's ghost

Table legend: (Time is in decaauts)
 A = Elapsed time spent in this place.
 B = Non-inter-level travel time spent in this place.
 C = Inter-level travel time spent in this place.
 D = Time resting spent in this place.
 E = Time spent auto-exploring this place.
 F = Levels seen in this place.
 G = Mean time per level.
                   A        B        C        D        E       F      G
               +--------+--------+--------+--------+--------+-----+--------+
         Total |  30987 |  29805 |   1182 |  15692 |   8442 |  16 | 1936.7 |
       Dungeon |  25022 |  23895 |   1127 |  12978 |   6513 |  13 | 1924.8 |
        Temple |    240 |    232 |      8 |      0 |    227 |   1 |  240.0 |
  Orcish Mines |   5724 |   5677 |     47 |   2714 |   1701 |   2 | 2862.0 |
               +--------+--------+--------+--------+--------+-----+--------+

Top non-repeatable levels by time:
    D:11: 3450 daAuts
   Orc:2: 3399 daAuts
     D:6: 3213 daAuts
   Orc:1: 2324 daAuts
     D:9: 2317 daAuts
     D:1: 2143 daAuts
    D:12: 1998 daAuts
     D:5: 1981 daAuts
     D:7: 1933 daAuts
     D:8: 1857 daAuts
     D:2: 1507 daAuts
    D:10: 1451 daAuts
     D:4: 1107 daAuts
    D:13: 1090 daAuts
     D:3: 970 daAuts

Table legend:
 A = Kills in this place as a percentage of kills in entire the game.
 B = Kills by you in this place as a percentage of kills by you in the entire game.
 C = Kills by friends in this place as a percentage of kills by friends in the entire game.
 D = Other kills in this place as a percentage of other kills in the entire game.
 E = Experience gained in this place as a percentage of experience gained in the entire game.
 F = Experience gained in this place divided by the number of levels of this place that you have seen.
                   A       B       C       D       E      F
               +-------+-------+-------+-------+-------+----------------------
         Total | 100.0 | 100.0 |   N/A |   N/A | 100.0 | 3167.4
       Dungeon |  68.9 |  68.9 |   N/A |   N/A |  65.9 | 2567.4
  Orcish Mines |  31.1 |  31.1 |   N/A |   N/A |  34.1 | 8651.5
               +-------+-------+-------+-------+-------+----------------------

Action                   |  1- 3 |  4- 6 |  7- 9 | 10-12 | 13-15 || total
-------------------------+-------+-------+-------+-------+-------++-------
Melee: War axe           |    93 |   166 |   252 |   569 |   636 ||  1716
       Hand axe          |       |       |    55 |   288 |       ||   343
Throw: Stone             |     4 |       |    11 |     6 |       ||    21
       Throwing net      |       |       |       |     7 |       ||     7
Invok: Heroism           |       |       |       |    14 |    16 ||    30
       Finesse           |       |       |       |     2 |     2 ||     4
Evoke: Wand              |       |       |    13 |     5 |     2 ||    20
  Use: Scroll            |       |     4 |     9 |    11 |       ||    24
       Potion            |       |     3 |     2 |     1 |       ||     6
 Stab: Distracted        |       |       |     1 |       |       ||     1
       Held in net/web   |       |       |       |     4 |       ||     4
Armor: Robe              |    25 |    50 |    89 |   104 |       ||   268
       Skin              |       |       |       |     2 |       ||     2
       Acid dragon scale |       |       |       |    25 |    47 ||    72
Dodge: Dodged            |    18 |    74 |   115 |   233 |   138 ||   578
Block: Kite shield       |    37 |    92 |   149 |   342 |   338 ||   958
       Reflection        |       |       |       |       |     1 ||     1

Vanquished Creatures
  An orc warlord (Orc:1)
  An ettin (Orc:1)
  Fannar (D:10)
  2 centaur warriors (D:13)
  4 two-headed ogres
  6 orc knights
  A deep elf pyromancer (D:13)
  Pikel (D:7)
  2 orc sorcerers (Orc:1)
  An ugly thing (D:12)
  A manticore (D:13)
  2 cyclopes (D:12)
  Maurice (Orc:2)
  2 gargoyles (D:12)
  An unseen horror (D:12)
  8 yaktaurs (D:11)
  3 trolls
  9 slime creatures
  A shadow (D:12)
  19 yaks
  5 wraiths
  A wyvern (D:10)
  Grum (D:10)
  11 wargs
  2 steam dragons
  11 vampire mosquitoes
  2 acid dragons
  2 water moccasins
  46 orc warriors
  A black bear (D:5)
  10 ogres
  7 necrophages
  5 centaurs
  3 wolves (D:9)
  2 lemures (D:7)
  A phantom (D:5)
  Blork the orc (D:6)
  A kobold brigand (D:12)
  4 bullfrogs
  4 gnoll sergeants
  A wyvern zombie (D:7)
  A scorpion (D:5)
  12 wights
  An electric eel (D:11)
  3 howler monkeys
  A crimson imp (D:3)
  5 centaur zombies
  A bullfrog zombie (D:5)
  3 jellies
  2 hounds (D:5)
  20 orc priests
  A bullfrog skeleton (D:6)
  Jessica (D:3)
  2 iguanas (D:5)
  21 orc wizards
  A killer bee zombie (D:8)
  A hound zombie (D:5)
  Robin (D:4)
  A howler monkey zombie (D:8)
  30 gnolls
  6 adders
  A white imp (D:8)
  A worm (D:3)
  3 dart slugs
  107 orcs
  9 ball pythons
  4 bats
  11 endoplasms
  4 giant cockroaches
  13 goblins
  8 hobgoblins
  7 jackals
  8 kobolds
  3 quokkas
  2 frilled lizards
  8 rats
491 creatures vanquished.

Vanquished Creatures (others)
  A boulder beetle (D:13)
  2 centaur warriors (D:13)
  A komodo dragon (D:13)
  A troll (D:13)
  An orc wizard (D:13)
  A butterfly (D:6)
  6 plants (D:11)
  3 withered plants (D:8)
16 creatures vanquished.

Grand Total: 507 creatures vanquished
